 Dungeon Crawl Stone Soup version 0.30-b1-2-g02819fbbbe (webtiles) character file.

Game seed: 9238926745964251550

470 Dirian the Chopper (level 6, -1/84 HPs)
             Began as a Minotaur Berserker on May 18, 2023.
             Was a Believer of Trog.
             Succumbed to Edmund's poison
             ... on level 4 of the Dungeon.
             The game lasted 00:03:03 (2942 turns).

Dirian the Chopper (Minotaur Berserker)             Turns: 2942, Time: 00:03:04

Health: -1/84      AC:  6    Str: 24    XL:     6   Next: 82%
Magic:  5/5        EV: 11    Int:  4    God:    Trog [**....]
Gold:   205        SH:  0    Dex:  9    Spells: 5/5 levels left

rFire   . . .        a - +0 hand axe
rCold   . . .        (no shield)
rNeg    + . .        h - +0 ring mail
rPois   .            (helmet restricted)
rElec   .            (no cloak)
rCorr   .            (no gloves)
SInv    .            (no boots)
Will    .....        (no amulet) Stlth
                     p - ring of positive energy
HPRegen 0.34/turn    (no ring)
MPRegen 0.09/turn

%: no passive effects
@: berserking, lethally poisoned (-1 -> -27), very quick
A: horns 2, retaliatory headbutt
a: Renounce Religion, Berserk, Trog's Hand


You were on level 4 of the Dungeon.
You worshipped Trog.
Trog was pleased with you.
You visited 1 branch of the dungeon, and saw 4 of its levels.

You collected 205 gold pieces.

Inventory:

Hand Weapons
 a - a +0 hand axe (weapon)
Armour
 h - a +0 ring mail (worn)
Jewellery
 n - a ring of fire
 p - a ring of positive energy (left hand)
Wands
 b - a wand of roots (12)
Scrolls
 f - a scroll of amnesia {unknown}
 i - a scroll of summoning {unknown}
 r - a scroll of identify
 t - a scroll of teleportation
Potions
 c - a potion of resistance {unknown}
 d - a potion of invisibility {unknown}
 e - 2 potions of heal wounds {unknown}
 g - a potion of lignification {unknown}
 j - 4 potions of curing {unknown}
 l - a potion of cancellation {unknown}
 o - a potion of ambrosia {unknown}
 q - a potion of attraction {unknown}
 s - a potion of might {unknown}


   Skills:
 + Level 5.1 Fighting
 + Level 6.7 Axes
 * Level 5.8 Armour
 - Level 2.1 Dodging


You had 5 spell levels left.
You didn't know any spells.
Your spell library was empty.

Dungeon Overview and Level Annotations

Branches:
Dungeon (4/15) Zot: 21029
 Temple: D:4-7

Altars:
Cheibriados
Elyvilon
Sif Muna

Annotations:
D:4 Edmund


Innate Abilities, Weirdness & Mutations

You have a pair of horns on your head.
You reflexively headbutt those who attack you in melee.


Message History

You are too injured to fight recklessly!
You are too injured to fight recklessly!
You are too injured to fight recklessly!
You are too injured to fight recklessly!
You are too injured to fight recklessly!
There are monsters nearby!
You hit Edmund but do no damage.
Edmund is moderately wounded.
You hit the kobold but do no damage.
You feel very sick. The kobold hits you with a +0 club.
Edmund hits you with a +3 dire flail of venom!
You are lethally poisoned!
A red film seems to cover your vision as you go berserk!
You feel yourself moving faster!
You feel mighty!
You feel very sick. The kobold hits you but does no damage.
Edmund hits you with a +3 dire flail of venom!
* * * LOW HITPOINT WARNING * * *
You slash Edmund!
Edmund is heavily wounded.
You hit the kobold.
You kill the kobold!
Trog accepts your kill.
* * * LOW HITPOINT WARNING * * *
You feel very sick.
You hit Edmund but do no damage.
Edmund is heavily wounded.
* * * LOW HITPOINT WARNING * * *
You feel very sick.
Edmund hits you with a +3 dire flail of venom.
* * * LOW HITPOINT WARNING * * *
You are more poisoned.
You slash Edmund! You headbutt Edmund.
Edmund is severely wounded.
* * * LOW HITPOINT WARNING * * *
You feel very sick.
You barely miss Edmund. Your headbutt misses Edmund.
Edmund is severely wounded.
You die...

## ###### ... #....#
....####....####
...........†...#########
........@##.............
##..?.@.##.............
#...)..'..............
#......#..............
#......#..............
#......##.#..........†
#......+..+...........
#......##.#...........
........ #...........
....###......


You could see Edmund.

Vanquished Creatures
  Duvessa (D:4)
  Dowan (D:4)
  An orc priest (D:4)
  A gnoll bouda (D:4)
  Natasha (thrice) (D:2)
  An iguana (D:4)
  2 orc wizards (D:4)
  3 adders
  An ufetubus (D:3)
  2 worms
  3 dart slugs
  3 orcs
  5 ball pythons
  8 endoplasms
  3 giant cockroaches
  6 goblins
  4 hobgoblins
  3 jackals (D:4)
  7 bats
  2 frilled lizards (D:2)
  7 kobolds
  3 rats
70 creatures vanquished.

Vanquished Creatures (others)
  18 fungi (D:4)
18 creatures vanquished.

Grand Total: 88 creatures vanquished

Notes
Turn   | Place    | Note
-------+----------+-------------------------------------------
     0 | D:1      | Dirian the Minotaur Berserker began the quest for the Orb.
     0 | D:1      | Reached XP level 1. HP: 19/19 MP: 0/0
   274 | D:1      | Reached skill level 4 in Axes
   274 | D:1      | Reached XP level 2. HP: 27/27 MP: 1/1
   863 | D:2      | Noticed Natasha
   869 | D:2      | Killed Natasha
   869 | D:2      | Reached ** piety under Trog
   870 | D:2      | Reached XP level 3. HP: 32/34 MP: 2/2
  1009 | D:2      | Found a shimmering blue altar of Sif Muna.
  1429 | D:2      | Reached XP level 4. HP: 32/41 MP: 3/3
  1632 | D:2      | Noticed Natasha
  1636 | D:2      | Killed Natasha
  1637 | D:2      | Reached skill level 5 in Axes
  1752 | D:2      | Noticed Natasha
  1758 | D:2      | Killed Natasha
  1805 | D:3      | Found a snail-covered altar of Cheibriados.
  1806 | D:3      | Found a white marble altar of Elyvilon.
  1901 | D:3      | Reached XP level 5. HP: 45/47 MP: 4/4
  2450 | D:4      | Noticed Duvessa
  2450 | D:4      | Noticed Dowan
  2462 | D:4      | Killed Duvessa
  2463 | D:4      | Reached skill level 6 in Axes
  2463 | D:4      | Reached XP level 6. HP: 37/55 MP: 5/5
  2465 | D:4      | Killed Dowan
  2466 | D:4      | Reached skill level 5 in Armour
  2639 | D:4      | Reached skill level 5 in Fighting
  2931 | D:4      | Noticed Edmund
  2941 | D:4      | HP: 3/84 [poisoned by Edmund]
  2942 | D:4      | Succumbed to Edmund's poison

Illustrated notes

Levels and vault maps discovered:
D:1:      dpeg_arrival_round_b, layout_basic, chequers_serial_rivers_large_a
D:2:      minmay_wonky_spiral, layout_loops_ring, basic_altar, uniq_natasha
D:3:      layout_basic, minitemple, minmay_cupped
D:4:      old_forge, layout_basic, okawaru_ov_weapons_minmay,
          minmay_fractal_squares_gapless_5, uniq_edmund, uniq_duvessa

Skill      XL: |  1  2  3  4  5  6 |
---------------+-------------------+-----
Axes           | 4 5 6 |  6.7
Fighting       | 4 5 |  5.1
Armour         | 3 4 5 |  5.8
Dodging        | |  2.1

Action                     |  1- 3 |  4- 6 || total
---------------------------+-------+-------++-------
  Melee: Hand axe          |    61 |    86 ||   147
         Headbutt          |    12 |    25 ||    37
         Punch             |     1 |       ||     1
 Invoke: Berserk           |       |     3 ||     3
         Trog's Hand       |       |     2 ||     2
    Use: Scroll            |       |     6 ||     6
 Armour: Animal skin       |     3 |       ||     3
         Ring mail         |    12 |    33 ||    45
  Dodge: Dodged            |    31 |    39 ||    70
